 Dungeon Crawl Stone Soup version 0.20.1-1-g8b1a95d (webtiles) character file.

175 t3hbunneh the Chopper (level 5, -8/42 HPs)
             Began as a Demonspawn Fighter on Oct 26, 2017.
             Mangled by a gnoll
             ... wielding a +0 halberd
              (12 damage)
             ... on level 3 of the Dungeon.
             The game lasted 00:05:27 (2152 turns).

t3hbunneh the Chopper (Demonspawn Fighter)          Turns: 2152, Time: 00:05:28

Health: -8/42      AC:  6    Str: 17    XL:     5   Next: 29%
Magic:  5/5        EV:  7    Int: 10    God:
Gold:   181        SH:  8    Dex: 12    Spells: 4/4 levels left

rFire    . . .     SeeInvis .   a - +0 war axe
rCold    . . .     Gourm    .   c - +0 shield
rNeg     . . .     Faith    .   b - +0 scale mail
rPois    .         Spirit   .   (helmet restricted)
rElec    .         Reflect  .   (no cloak)
rCorr    .         Harm     .   (no gloves)
MR       .....                  (no boots)
Stlth    ..........             (no amulet)
Regen    0.2/turn               (no ring)
MPRegen  0.1/turn               (no ring)

@: no status effects
A: horns 1, spiny 1
a: no special abilities


You were on level 3 of the Dungeon.
You were not hungry.

You visited 1 branch of the dungeon, and saw 3 of its levels.

You collected 181 gold pieces.

Inventory:

Hand Weapons
 a - a +0 war axe (weapon)
Armour
 b - a +0 scale mail (worn)
 c - a +0 shield (worn)
 j - a +0 plate armour
Scrolls
 e - a scroll of amnesia {unknown}
 g - a scroll of teleportation {unknown}
 h - a scroll of remove curse {unknown}
 i - a scroll of enchant weapon {unknown}
 m - a scroll of recharging {unknown}
Potions
 d - 2 potions of might
Comestibles
 f - a bread ration
 k - 2 fruits


   Skills:
 + Level 4.0 Fighting
 + Level 4.1 Axes
 - Level 2.6 Armour
 - Level 0.1 Dodging
 + Level 0.6 Stealth
 - Level 2.8 Shields


You had 4 spell levels left.
You didn't know any spells.

Dungeon Overview and Level Annotations

Branches:
Dungeon (3/15)

Altars:


Innate Abilities, Weirdness & Mutations

You have a pair of small horns on your head.
You are partially covered in sharp spines.


Message History

The gnoll hits you from afar with a halberd.
The gnoll throws a throwing net.
The throwing net completely misses you.
You see here a throwing net.
The gnoll hits you from afar with a halberd!
* * * LOW HITPOINT WARNING * * *
The gnoll throws a throwing net.
The throwing net hits you.
You become entangled in the net!
Things that are here:
a throwing net x2
You struggle against the net.
You struggle against the net.
The gnoll hits you from afar with a halberd.
* * * LOW HITPOINT WARNING * * *
You shred the net and break free!
The gnoll hits you from afar with a halberd.
* * * LOW HITPOINT WARNING * * *
You barely miss the gnoll. You headbutt the gnoll.
The gnoll is moderately wounded.
The gnoll barely misses you. The gnoll hits you with a halberd!
You die...

#.### #.... #.#.. ....
.. #.#.# #..# .#..#
#.#.# #..##.#..# #.#.#
#).##.#..# ..#.#
#).##.#..########.
....###).#.....#.......>
###.##.....#...#(#
###)##.......#.#@#
............##.#g######.
###.##........)<......g.
..........%.....###....
###.##...........# ..
#............#....
##################


You could see a gnoll.

Vanquished Creatures
  An orc wizard (D:3)
  2 gnolls (D:3)
  7 adders
  An ooze (D:2)
  2 dart slugs (D:2)
  A worm (D:2)
  4 leopard geckos
  3 orcs (D:3)
  2 bats
  A giant cockroach (D:3)
  5 goblins
  6 hobgoblins
  8 jackals
  2 frilled lizards (D:3)
  5 kobolds
  2 rats
52 creatures vanquished.

Vanquished Creatures (others)
  A quokka (D:3)
1 creature vanquished.

Grand Total: 53 creatures vanquished

Notes
Turn   | Place    | Note
-------+----------+-------------------------------------------
     0 | D:1      | t3hbunneh the Demonspawn Fighter began the quest for the Orb.
     0 | D:1      | Reached XP level 1. HP: 18/18 MP: 1/1
   468 | D:1      | Gained mutation: You have a pair of small horns on your head. [demonic ancestry]
   468 | D:1      | Reached XP level 2. HP: 24/24 MP: 2/2
  1023 | D:2      | Reached XP level 3. HP: 22/29 MP: 3/3
  1434 | D:2      | Reached XP level 4. HP: 37/37 MP: 4/4
  2004 | D:3      | Gained mutation: You are partially covered in sharp spines. [demonic ancestry]
  2004 | D:3      | Reached XP level 5. HP: 42/42 MP: 5/5
  2152 | D:3      | Mangled by a gnoll

Skill      XL: |  1  2  3  4  5 |
---------------+----------------+-----
Axes           | 2 3 4 |  4.1
Fighting       | 4 |  4.0
Armour         | |  2.6
Dodging        | |  0.1
Stealth        | |  0.6
Shields        | |  2.8

Action                   |  1- 3 |  4- 6 || total
-------------------------+-------+-------++-------
Melee: War axe           |    89 |    67 ||   156
       Headbutt          |    13 |    12 ||    25
  Use: Potion            |     1 |       ||     1
  Eat: Chunk             |     1 |     3 ||     4
Armor: Scale mail        |    32 |    25 ||    57
Dodge: Dodged            |    25 |    17 ||    42
Block: Shield            |    55 |    29 ||    84
